 Dungeon Crawl Stone Soup version 0.21.1-1-g345015f (webtiles) character file.

585 sking99 the Cleaver (level 7, -2/60 HPs)
             Began as a Hill Orc Monk on June 13, 2018.
             Slain by an ogre
             ... wielding a +0 giant club
              (19 damage)
             ... on level 4 of the Dungeon.
             The game lasted 00:23:06 (6359 turns).

sking99 the Cleaver (Hill Orc Monk)                 Turns: 6359, Time: 00:23:07

Health: -2/60      AC: 10    Str: 16    XL:     7   Next: 37%
Magic:  7/7        EV:  8    Int: 10    God:
Gold:   175        SH:  0    Dex: 13    Spells: 6/6 levels left

rFire    . . .     SeeInvis .   a - +0 hand axe
rCold    . . .     Gourm    .   (no shield)
rNeg     . . .     Faith    .   g - +0 chain mail
rPois    .         Spirit   .   (no helmet)
rElec    .         Reflect  .   (no cloak)
rCorr    .         Harm     .   o - +0 pair of gloves
MR       .....                  (no boots)
Stlth    ..........             (no amulet)
HPRegen  0.20/turn              (no ring)
MPRegen  0.10/turn              (no ring)

@: very slow
A: no striking features
a: no special abilities


You were on level 4 of the Dungeon.
You were not hungry.

You visited 1 branch of the dungeon, and saw 5 of its levels.

You collected 217 gold pieces.
You spent 42 gold pieces at shops.

Inventory:

Hand Weapons
 a - a +0 hand axe (weapon)
 s - a +0 spear
Armour
 b - a +0 robe
 g - a +0 chain mail (worn)
 i - a +0 ring mail
 o - a +0 pair of gloves (worn)
Jewellery
 c - a cursed -3 ring of protection {unknown}
 m - a cursed -4 ring of dexterity {unknown}
Wands
 j - a wand of scattershot (1)
Scrolls
 f - 3 scrolls of magic mapping {unknown}
 h - 4 scrolls of teleportation {unknown}
 l - 3 scrolls of remove curse {unknown}
 p - 2 scrolls of enchant weapon {unknown}
 q - a scroll of fear {unknown}
 r - a scroll of noise {unknown}
 u - 2 scrolls of immolation {unknown}
 w - 2 scrolls of identify {unknown}
 x - a scroll of fog {unknown}
 y - a scroll of blinking {unknown}
Potions
 d - a potion of resistance {unknown}
 e - 3 potions of heal wounds {unknown}
 k - 3 potions of curing
 n - a potion of brilliance {unknown}
 t - a potion of haste {unknown}
Comestibles
 v - a ration


   Skills:
 + Level 4.6 Fighting
 * Level 8.6 Axes
 * Level 4.4 Armour
 - Level 2.5 Dodging
 - Level 1.5 Stealth
 + Level 0.1 Evocations


You had 6 spell levels left.
You didn't know any spells.

Dungeon Overview and Level Annotations

Branches:
Dungeon (5/15)
 Temple: D:4-7

Altars:
Elyvilon
Trog
Zin
The Shining One

Shops:
D:4 !


Message History

The ogre is heavily wounded.
The ogre hits you with a giant club! The ogre closely misses you.
You climb upwards.
There is a stone staircase leading down here.
You see here a whip.
The ogre closely misses you.
Your chain mail prevents you from hitting the ogre.
The ogre is moderately wounded.
The ogre hits you with a giant club! The ogre hits you with a giant club.
You found a teleport trap!
You enter the shallow water.
Moving in this stuff is going to be slow.
The ogre hits you with a giant club!
* * * LOW HITPOINT WARNING * * *
You enter the shallow water.
Moving in this stuff is going to be slow.
The ogre hits you with a giant club!!
You die...

#######...#...## ............#..#
.##.##≈≈.≈≈##..#
.###.≈≈≈≈≈≈≈...### ##
.##≈###≈≈≈#≈≈#...## ##.
.#≈≈≈≈≈.<.≈≈≈≈≈...## ##..
#.≈≈≈≈.≈..≈≈≈≈≈....# ########...
##≈≈≈≈≈≈.≈≈#≈≈≈≈...####..........
≈≈≈≈≈≈#≈.≈≈≈≈≈#≈@........####.##.
≈≈#≈≈#≈.)(≈≈)≈≈≈O..(............(
.≈≈≈≈#≈.<.≈[≈≈≈≈.........####[#..
≈≈≈≈≈≈≈[..≈≈≈≈≈≈≈........####.#.#
≈≈≈≈≈≈≈≈.≈≈≈##≈≈≈.........^#.....
.≈≈≈≈≈≈♣.≈≈≈≈≈≈≈.........#.♣.♣..#
..≈≈≈≈≈.<.≈≈≈≈≈..........♣♣...♣♣.
..≈≈≈≈≈..≈≈≈≈≈≈.........♣♣.....♣♣
...≈≈≈≈#≈≈≈≈≈≈#..^.....♣♣...⌠...♣


You could see an ogre.

Vanquished Creatures
  A scorpion (D:4)
  A howler monkey (D:3)
  A bullfrog zombie (D:5)
  A crimson imp (D:3)
  3 orc wizards (D:4)
  An iguana (D:3)
  3 worker ants
  3 gnolls (D:4)
  9 adders
  An ooze (D:4)
  An adder skeleton (D:5)
  7 worms
  9 dart slugs
  14 orcs
  2 ball pythons
  7 giant cockroaches
  6 goblins
  2 hobgoblins (D:3)
  2 jackals (D:2)
  A quokka (D:2)
  A ball python skeleton (D:4)
  6 bats
  6 frilled lizards
  A giant cockroach zombie (D:5)
  4 kobolds
  10 rats
103 creatures vanquished.

Vanquished Creatures (others)
  A dart slug (D:4)
  A quokka (D:5)
2 creatures vanquished.

Grand Total: 105 creatures vanquished

Notes
Turn   | Place    | Note
-------+----------+-------------------------------------------
     0 | D:1      | sking99 the Hill Orc Monk began the quest for the Orb.
     0 | D:1      | Reached XP level 1. HP: 19/19 MP: 1/1
   199 | D:1      | Reached XP level 2. HP: 24/27 MP: 2/2
   982 | D:2      | Reached XP level 3. HP: 33/33 MP: 3/3
  1111 | D:2      | Reached skill level 5 in Axes
  1116 | D:2      | Reached skill level 1 in Armour
  1887 | D:2      | Reached XP level 4. HP: 29/40 MP: 4/4
  2694 | D:3      | Noticed a moth of wrath
  2697 | D:3      | Found a bloodstained altar of Trog.
  2999 | D:3      | Reached skill level 6 in Axes
  3056 | D:3      | Reached XP level 5. HP: 14/46 MP: 5/5
  4180 | D:3      | Reached XP level 6. HP: 15/53 MP: 6/6
  4557 | D:3      | Reached skill level 7 in Axes
  5000 | D:4      | Found a glowing silver altar of Zin.
  5003 | D:4      | Found a white marble altar of Elyvilon.
  5004 | D:4      | Found a glowing golden altar of the Shining One.
  5107 | D:4      | Reached skill level 8 in Axes
  5107 | D:4      | Reached XP level 7. HP: 37/60 MP: 7/7
  5385 | D:4      | Found Daness's Distillery.
  5393 | D:4      | Bought a potion of curing for 42 gold pieces
  5682 | D:5      | Entered Level 5 of the Dungeon
  6359 | D:4      | Slain by an ogre

Skill      XL: |  1  2  3  4  5  6 |
---------------+-------------------+-----
Fighting       | 4 |  4.6
Axes           | 5 6 8 |  8.6
Armour         | 1 2 3 4 |  4.4
Dodging        | |  2.5
Stealth        | |  1.5
Evocations     | |  0.1

Action                   |  1- 3 |  4- 6 |  7- 9 || total
-------------------------+-------+-------+-------++-------
Melee: Hand axe          |   163 |   278 |   114 ||   555
Evoke: Wand              |       |     2 |       ||     2
 Stab: Sleeping          |     1 |       |       ||     1
  Eat: Ration            |     1 |     2 |     1 ||     4
       Chunk             |       |     3 |     3 ||     6
Armor: Chain mail        |    90 |   143 |    50 ||   283
       Robe              |     2 |       |       ||     2
Dodge: Dodged            |    54 |    93 |    36 ||   183
